Map: New Repugnancy LE

Players

Mattias

  • Race: Protoss Protoss
  • League: Gold
  • Spawn Location: 7:00

Takker - Winner!

  • Race: Protoss Protoss
  • League: Bronze
  • Spawn Location: 1:00

VOD

Have the link to the VOD?

Description

Time

  • Played on: May 26, 2019, 6:22 p.m.
  • Length: 9:50
Show
View Real Time Build Order
Export as new Build Order

Mattias Protoss 

Build Orders:  

Get SALT Encoding   

  12  0:02  Probe  
  13  0:14  Probe  
  13  0:19  Pylon  
  14  0:27  Probe  
  15  0:39  Probe  
  15  0:42  Gateway  
  16  0:49  Assimilator  
  16  0:51  Probe  
  17  0:59  Probe  
  18  1:07  Probe  
  18  1:18  Probe  
  19  1:19  Pylon  
  19  1:23  Pylon  
  20  1:30  Zealot, Probe  
  23  1:43  Cybernetics Core  
  23  1:49  Gateway  
  23  1:57  Zealot  
  25  2:04  Assimilator  
  25  2:05  Probe  
  26  2:16  Warp Gate  
  26  2:21  Probe  
  27  2:29  Stalker  
  29  2:40  Stalker  
  31  2:53  Pylon  
  31  2:59  Stalker  
  33  3:10  Stalker  
  35  3:28  Forge  
  35  3:29  Stalker  
  37  3:36  Twilight Council  
  37  3:40  Stalker  
  39  3:42  Robotics Facility  
  39  3:59  Protoss Ground Weapons Level 1  
  39  4:13  Charge  
  39  4:20  Zealot  
  41  4:26  Zealot  
  41  4:30  Warp Prism  
  45  4:40  Zealot  
  47  4:51  Gateway  
  47  4:55  Gateway  
  47  4:58  Pylon  
  47  5:16  Immortal  
  51  5:26  Stalker  
  51  5:27  Stalker  
  55  6:00  Pylon  
  55  6:07  Pylon  
  55  6:09  Protoss Ground Weapons Level 2  
  55  6:10  Pylon  
  55  6:14  Pylon  
  55  6:18  Pylon  
  55  6:25  Pylon  
  55  6:28  Pylon  
  55  6:35  Pylon  
  55  6:57  Immortal  
  49  7:34  Stalker  
  49  7:35  Stalker  
  49  7:36  Stalker  
  55  7:37  Stalker  
  57  7:55  Immortal  
  61  8:16  Stalker x3  
  61  8:17  Stalker  
  67  8:43  Immortal  
Show
View Real Time Build Order
Export as new Build Order

Takker Protoss - Winner!

Build Orders:  

Get SALT Encoding   

  1  0:00  Probe  
  12  0:06  Probe  
  14  0:15  Probe  
  15  0:32  Pylon  
  15  0:44  Pylon  
  15  0:46  Assimilator  
  15  0:50  Probe  
  16  1:01  Assimilator  
  16  1:02  Probe  
  17  1:09  Pylon  
  17  1:14  Probe  
  18  1:23  Gateway  
  18  1:24  Probe  
  19  1:32  Probe  
  20  1:40  Probe  
  21  1:52  Probe  
  22  2:01  Nexus  
  22  2:04  Probe  
  23  2:12  Pylon  
  23  2:15  Zealot  
  23  2:17  Probe  
  24  2:29  Probe  
  27  2:40  Gateway  
  27  2:41  Zealot, Probe  
  30  2:56  Probe  
  31  3:08  Zealot, Probe  
  31  3:11  Probe  
  34  3:19  Probe x2  
  37  3:28  Probe  
  37  3:29  Zealot  
  40  3:35  Zealot  
  40  3:40  Probe  
  43  3:45  Forge  
  43  3:47  Pylon  
  43  3:52  Probe  
  43  3:54  Pylon  
  44  4:02  Cybernetics Core  
  44  4:03  Zealot x2  
  44  4:04  Probe  
  49  4:14  Assimilator  
  49  4:16  Probe  
  50  4:18  Assimilator, Probe  
  50  4:23  Zealot  
  51  4:29  Probe  
  51  4:30  Zealot  
  56  4:37  Photon Cannon  
  56  4:39  Photon Cannon  
  56  4:41  Probe  
  56  4:44  Pylon  
  57  4:53  Probe  
  57  4:58  Sentry  
  60  5:05  Warp Gate, Probe  
  60  5:06  Probe  
  62  5:17  Probe  
  62  5:18  Stargate, Protoss Ground Weapons Level 1  
  62  5:20  Stargate  
  63  5:25  Sentry, Probe  
  65  5:34  Probe  
  65  5:35  Stalker  
  69  5:43  Probe  
  70  5:51  Stalker  
  70  5:55  Probe, Robotics Facility  
  73  6:05  Stalker  
  75  6:16  Pylon  
  75  6:21  Stalker  
  77  6:29  Gateway  
  77  6:30  Pylon  
  77  6:32  Pylon  
  77  6:35  Stalker, Gateway  
  79  6:51  Stalker  
  81  6:59  Void Ray  
  81  7:00  Void Ray  
  89  7:05  Stalker  
  89  7:16  Gateway  
  89  7:17  Gateway  
  89  7:20  Protoss Air Weapons Level 1  
  85  7:42  Void Ray x2  
  85  7:43  Immortal  
  95  8:11  Stalker x4  
  103  8:22  Immortal  
  107  8:29  Void Ray  
  109  8:51  Pylon  
  109  8:53  Pylon  
  109  8:55  Pylon  
  109  8:56  Pylon  
  109  9:09  Observer  
  110  9:13  Photon Cannon  
  110  9:14  Photon Cannon  
  118  9:17  Photon Cannon  
  118  9:18  Photon Cannon  
  118  9:27  Fleet Beacon  
Tags
 
Matchup
PvP
Replay Pack
Up to May 28th
Spawn Locations
Cross Positions
Add a new tag
Caveats
  • Supply blocks, unpowered buildings, or Contaminate may cause inaccurate times.
  • Supply counts are checked every 10 seconds.